 Dungeon Crawl Stone Soup version 0.23.2-30-g0e89c35649 (webtiles) character file.

Game seed: 7364227510209667131

64 teukkam the Covered (level 3, 0/33 HPs)
             Began as a Minotaur Fighter on June 18, 2019.
             Was a Follower of Cheibriados.
             Slain by a goblin
             ... wielding a +0 dagger
             ... led by Robin
              (4 damage)
             ... on level 2 of the Dungeon.
             The game lasted 00:02:59 (1172 turns).

teukkam the Covered (Minotaur Fighter)              Turns: 1172, Time: 00:03:00

Health: 0/33       AC:  7    Str: 30    XL:     3   Next: 91%
Magic:  2/2        EV:  8    Int:  7    God:    Cheibriados [*.....]
Gold:   69         SH: 10    Dex: 11    Spells: 2/2 levels left

rFire    . . .     SeeInvis .   a - +0 war axe
rCold    . . .     Gourm    .   l - +0 shield
rNeg     . . .     Faith    .   e - +0 scale mail
rPois    .         Spirit   .   (helmet restricted)
rElec    .         Reflect  .   (no cloak)
rCorr    .         Harm     .   (no gloves)
MR       .....                  (no boots)
Stlth    ..........             (no amulet)
HPRegen  0.11/turn              n - +2 ring of strength
MPRegen  0.08/turn              (no ring)

@: mighty, very slow
A: retaliatory headbutt, horns 2
a: Bend Time, Renounce Religion


You were on level 2 of the Dungeon.
You worshipped Cheibriados.
Cheibriados was aware of your devotion.
You were not hungry.

You visited 1 branch of the dungeon, and saw 2 of its levels.

You collected 69 gold pieces.

Inventory:

Hand Weapons
 a - a +0 war axe (weapon)
 b - a +0 hunting sling
 c - a +1 dagger of electrocution
Missiles
 h - 116 stones (quivered)
Armour
 e - a +0 scale mail (worn)
 l - a +0 shield (worn)
Jewellery
 n - a +2 ring of strength (left hand)
Scrolls
 i - 2 scrolls of fog {unknown}
 k - a scroll of teleportation {unknown}
 m - a scroll of immolation {unknown}
Potions
 g - 3 potions of flight {unknown}
 j - a potion of brilliance {unknown}
Comestibles
 f - a ration
 o - 3 chunks of flesh


   Skills:
 + Level 4.2 Fighting
 + Level 3.2 Axes
 + Level 4.3 Armour
 + Level 4.3 Shields


You had 2 spell levels left.
You didn't know any spells.
Your spell library was empty.

Dungeon Overview and Level Annotations

Branches:
Dungeon (2/15)

Altars:
Cheibriados


Innate Abilities, Weirdness & Mutations

You reflexively headbutt those who attack you in melee.
You have a pair of horns on your head.


Message History

The goblin hits you but does no damage. You block the hobgoblin's attack.
The hobgoblin hits you but does no damage.
The goblin hits you.
* * * LOW HITPOINT WARNING * * *
You block the goblin's attack. The goblin hits you but does no damage.
Things that are here:
a +0 trident; a +0 animal skin; a +0 helmet You hit the hobgoblin.
The hobgoblin is severely wounded.
You hit the goblin.
Your shield and scale mail prevent you from hitting the goblin.
You hit the goblin.
You kill the goblin!
Cheibriados appreciates the change of pace.
Your shield and scale mail prevent you from hitting the hobgoblin.
The hobgoblin hits you with a +0 club.
* * * LOW HITPOINT WARNING * * *
The goblin hits you but does no damage. You block the hobgoblin's attack.
The goblin hits you with a +0 dagger.
You die...

.#............##
...##..........# ###
..............# ...
#.#..........# #.#
#............## (..
#........>....
##.######.....÷.....#
####..ggg†..........÷_.#
......g@)..............#
###...############......
#.# #...... # #......
#...... #...... #......
#...... #######


You could see 2 hobgoblins and 2 goblins.

Vanquished Creatures
  Robin (D:2)
  2 adders (D:2)
  A worm (D:2)
  A dart slug (D:1)
  A leopard gecko (D:2)
  2 bats (D:1)
  A giant cockroach (D:2)
  7 goblins
  4 hobgoblins
  5 kobolds
  2 frilled lizards (D:2)
  4 rats
31 creatures vanquished.

Notes
Turn   | Place    | Note
-------+----------+-------------------------------------------
     0 | D:1      | teukkam the Minotaur Fighter began the quest for the Orb.
     0 | D:1      | Reached XP level 1. HP: 19/19 MP: 0/0
    75 | D:2      | Found a snail-covered altar of Cheibriados.
    80 | D:2      | Reached XP level 2. HP: 27/27 MP: 1/1
   116 | D:2      | Became a worshipper of Cheibriados the Contemplative
   964 | D:2      | Reached XP level 3. HP: 33/33 MP: 2/2
  1164 | D:2      | Noticed Robin
  1166 | D:2      | Reached * piety under Cheibriados
  1170 | D:2      | Killed Robin
  1172 | D:2      | Slain by a goblin

Skill      XL: |  1  2 |
---------------+-------+-----
Fighting       | 4 |  4.2
Armour         | 4 |  4.3
Shields        | 4 |  4.3
Axes           | 3 |  3.2

Action                   || total
-------------------------++-------
Melee: War axe           ||    69
       Headbutt          ||     6
 Fire: Hunting sling     ||     5
  Use: Potion            ||     1
  Eat: Ration            ||     1
Armor: Scale mail        ||    38
Dodge: Dodged            ||    27
Block: Shield            ||    50
